 Dungeon Crawl Stone Soup version 0.30-a0-777-ga9a30cbeda (webtiles) character file.

Game seed: 18024149260668470746

110 avis the Shooter (level 4, -1/36 HPs)
             Began as a Demigod Hunter on Feb 14, 2023.
             Slain by Pargi (2 damage)
             ... in a sewer.
             The game lasted 00:10:51 (1826 turns).

avis the Shooter (Demigod Hunter)                   Turns: 1826, Time: 00:10:51

Health: -1/36      AC:  4    Str: 12    XL:     4   Next: 35%
Magic:  6/6        EV: 12    Int: 11    God:
Gold:   165        SH:  0    Dex: 21    Spells: 3/3 levels left

rFire   . . .      SeeInvis .    b - +2 dagger (speed)
rCold   . . .      Faith    .    (no shield)
rNeg    . . .      Spirit   .    c - +0 leather armour
rPois   .          Reflect  .    (no helmet)
rElec   .          Harm     .    (no cloak)
rCorr   .          Rampage  .    o - +0 pair of gloves
Will    .....                    (no boots)
Stlth   ++                       (no amulet)
HPRegen 0.26/turn                (no ring)
MPRegen 0.10/turn                (no ring)

@: no status effects
A: high MP 1, forlorn, divine attributes
a: no special abilities


You were in a sewer.
You visited 1 branch of the dungeon, and saw 3 of its levels.
You also visited: Sewer.

You collected 165 gold pieces.

Inventory:

Hand Weapons
 a - a +0 shortbow
 b - a +2 dagger of speed (weapon)
 l - a +2 dagger of flaming
Missiles
 h - 6 javelins
Armour
 c - a +0 leather armour (worn)
 o - a +0 pair of gloves (worn)
Scrolls
 d - 3 scrolls of fog
 e - a scroll of noise
 f - a scroll of teleportation
 j - a scroll of enchant armour {unknown}
 k - a scroll of immolation
 n - a scroll of amnesia {unknown}
Potions
 m - 2 potions of brilliance


   Skills:
 - Level 2.0 Fighting
 * Level 5.1 Ranged Weapons
 - Level 2.0 Dodging
 - Level 2.0 Stealth


You had 3 spell levels left.
You didn't know any spells.
Your spell library was empty.

Dungeon Overview and Level Annotations

Branches:
Dungeon (3/15)              Sewer (1/1)

Annotations:
Sewer Pargi


Innate Abilities, Weirdness & Mutations

You have an increased reservoir of magic. (+10% MP)
You shall have no god before yourself.
Your divine heritage dramatically boosts your attributes as you level up.


Message History

You closely miss Pargi.
Pargi is heavily wounded.
Pargi bites you. Pargi claws you but does no damage. Pargi claws you.
You hit Pargi.
Pargi is heavily wounded.
You hit Pargi.
Pargi is severely wounded.
Pargi bites you. Pargi claws you. Pargi closely misses you.
You barely miss Pargi.
Pargi is severely wounded.
You hit Pargi.
Pargi is severely wounded.
Pargi bites you. Pargi claws you. Pargi closely misses you.
You hit Pargi.
Pargi is severely wounded.
Pargi bites you. Pargi barely misses you. Pargi claws you.
* * * LOW HITPOINT WARNING * * *
You hit Pargi.
Pargi is severely wounded.
You hit Pargi.
Pargi is almost dead.
Pargi bites you but does no damage. Pargi claws you.
* * * LOW HITPOINT WARNING * * *
Pargi claws you but does no damage.
You barely miss Pargi.
Pargi is almost dead.
Pargi misses you. Pargi claws you but does no damage. x2
You hit Pargi.
Pargi is almost dead.
You barely miss Pargi.
Pargi is almost dead.
Pargi bites you.
* * * LOW HITPOINT WARNING * * *
Pargi closely misses you. Pargi completely misses you.
You hit Pargi.
Pargi is almost dead.
Pargi bites you.
* * * LOW HITPOINT WARNING * * *
Pargi misses you. Pargi claws you.
You die...

~..~≈≈≈≈≈≈≈≈≈≈≈≈≈##
#~.≈≈≈≈≈≈≈≈≈≈≈≈###
#~.≈≈≈≈≈≈≈≈≈≈≈≈#
##.~~≈≈≈≈≈≈≈≈≈≈#
###.~~≈≈≈≈≈≈≈≈≈
####~≈≈≈≈≈≈≈≈
#.~≈≈≈≈≈≈≈
#.~≈≈≈≈≈≈≈
#.@≈≈≈≈≈≈≈
##T≈≈≈≈≈≈≈
~....~~≈≈≈≈≈≈≈≈ #
#######~≈≈≈≈≈≈≈ #
#~≈≈≈≈≈≈≈ #
#.~≈≈≈≈≈≈ #.~≈≈≈≈≈≈
#.≈≈≈≈≈≈≈ ~≈≈≈≈≈≈≈≈


You could see Pargi.

Vanquished Creatures
  4 adders
  A river rat (D:3)
  A worm (D:2)
  2 dart slugs (D:2)
  4 ball pythons
  3 bats
  7 endoplasms
  A giant cockroach (D:2)
  7 goblins
  8 hobgoblins
  3 quokkas
  4 frilled lizards
  7 kobolds
  6 rats
58 creatures vanquished.

Notes
Turn   | Place    | Note
-------+----------+-------------------------------------------
     0 | D:1      | avis the Demigod Hunter began the quest for the Orb.
     0 | D:1      | Reached XP level 1. HP: 17/17 MP: 3/3
   156 | D:1      | Reached skill level 4 in Ranged Weapons
   180 | D:1      | Reached XP level 2. HP: 24/24 MP: 4/4
   251 | D:1      | Reached skill level 1 in Stealth
   771 | D:2      | Reached XP level 3. HP: 28/29 MP: 5/5
  1525 | D:2      | Reached XP level 4. HP: 30/36 MP: 6/6
  1741 | D:3      | Reached skill level 5 in Ranged Weapons
  1745 | D:3      | Found a glowing drain.
  1754 | Sewer    | Entered a sewer
  1797 | Sewer    | Noticed Pargi
  1826 | Sewer    | HP: 1/36 [Pargi (5)]
  1826 | Sewer    | Slain by Pargi

Illustrated notes

Levels and vault maps discovered:
D:1:      minmay_arrival_solitary_statue, layout_basic, grunt_decor_junction
D:2:      cheibrodos_greedy_goblins, layout_loops_corners,
          hellmonk_ecumenical_altar_run_dry, serial_glass, glass_columns_c,
          glass_columns_a
D:3:      layout_rooms, nicolae_overflow_crystal_walls, portal_sewer_entry_b,
          minmay_bisected
Sewer:    sewer_co_pargi_island

Skill      XL: |  1  2  3  4 |
---------------+-------------+-----
Fighting       | 2 |  2.0
Ranged Weapons | 4 5 |  5.1
Dodging        | 2 |  2.0
Stealth        | 2 |  2.0

Action                     |  1- 3 |  4- 6 || total
---------------------------+-------+-------++-------
  Melee: Dagger            |       |    26 ||    26
   Fire: Shortbow          |   124 |    37 ||   161
    Use: Scroll            |       |     5 ||     5
         Potion            |       |     1 ||     1
 Armour: Leather armour    |    17 |    17 ||    34
  Dodge: Dodged            |    41 |    31 ||    72

Table legend: (Time is in decaauts)
 A = Elapsed time spent in this place.
 B = Non-inter-level travel time spent in this place.
 C = Inter-level travel time spent in this place.
 D = Time resting spent in this place.
 E = Time spent auto-exploring this place.
 F = Levels seen in this place.
 G = Mean time per level.
                   A        B        C        D        E       F      G
               +--------+--------+--------+--------+--------+-----+--------+
         Total |   1873 |   1797 |     76 |    201 |   1033 |   4 |  468.2 |
       Dungeon |   1806 |   1730 |     76 |    189 |   1033 |   3 |  602.0 |
         Sewer |     67 |     67 |      0 |     12 |      0 |   1 |   67.0 |
               +--------+--------+--------+--------+--------+-----+--------+

Top non-repeatable levels by time:
     D:2: 1144 daAuts
     D:1: 576 daAuts
     D:3: 86 daAuts
   Sewer: 67 daAuts
